 Dungeon Crawl Stone Soup version 0.30-a0-728-gc68057be0a (webtiles) character file.

Game seed: 11307896962905053008

264 omnomnOMINOUS the Trooper (level 6, -1/43 HPs)
             Began as an Octopode Wanderer on Jan 30, 2023.
             Was an Initiate of Gozag.
             Killed by divine providence
             ... invoked by an orc priest
              (8 damage)
             ... on level 5 of the Dungeon.
             The game lasted 00:06:25 (3445 turns).

omnomnOMINOUS the Trooper (Octopode Wanderer)       Turns: 3445, Time: 00:06:26

Health: -1/43      AC:  1    Str: 16    XL:     6   Next: 19%
Magic:  10/10      EV: 13    Int: 15    God:    Gozag
Gold:   86         SH:  0    Dex: 11    Spells: 4/11 levels left

rFire   + . .      SeeInvis .    a - +9 long sword "Woamnej" {flame, rF+ Will+ Str-3}
rCold   . . .      Faith    .    (no shield)
rNeg    . . .      Spirit   .    (helmet restricted)
rPois   +          Reflect  .    (no amulet)
rElec   .          Harm     .    j - +6 ring of strength
rCorr   .          Rampage  .    y - ring of poison resistance
Will    +....                    (no ring)
Stlth   +++                      (no ring)
HPRegen 0.27/turn                (no ring)
MPRegen 0.12/turn                (no ring)
                                 (no ring)
                                 (no ring)

@: gold aura
A: almost no armour, amphibious, 8 rings, camouflage 1, gelatinous body 1,
(nimble swimmer 1), tentacles
a: Renounce Religion, Potion Petition, Call Merchant, Bribe Branch


You were on level 5 of the Dungeon.
You worshipped Gozag.
Gozag was noncommittal.
You visited 1 branch of the dungeon, and saw 5 of its levels.

You collected 296 gold pieces.
You spent 178 gold pieces at shops.
You paid 32 gold pieces to Gozag.

Inventory:

Hand Weapons
 a - the +9 long sword "Woamnej" (weapon) {flame, rF+ Will+ Str-3}
   (You bought it in a shop on level 3 of the Dungeon)

   Str:       It affects your strength (-3).
   rF:        It protects you from fire.
   Will:      It increases your willpower.
 b - a +1 vampiric dagger
Missiles
 c - a datura-tipped dart
 n - 11 poisoned darts
 t - 2 atropa-tipped darts (quivered)
Jewellery
 j - a +6 ring of strength (left tentacle)
 y - a ring of poison resistance (right tentacle)
Wands
 r - a wand of acid (4)
Scrolls
 d - a scroll of fog
 e - a scroll of enchant weapon {unknown}
 f - 2 scrolls of amnesia
 g - a scroll of silence {unknown}
 l - 2 scrolls of teleportation {unknown}
 m - 2 scrolls of identify
 o - 2 scrolls of vulnerability {unknown}
 q - a scroll of magic mapping {unknown}
 s - a scroll of brand weapon {unknown}
 u - 2 scrolls of poison {unknown}
 w - 2 scrolls of fear {unknown}
 x - a scroll of enchant armour {unknown}
 z - a scroll of butterflies {unknown}
Potions
 h - a potion of attraction {unknown}
 k - a potion of mutation {unknown}
 p - a potion of might {unknown}
 v - 2 potions of lignification


   Skills:
 + Level 4.1 Fighting
 * Level 0.9 Long Blades
 + Level 2.5 Dodging
 - Level 4.0 Stealth
 + Level 3.2 Spellcasting
 + Level 0.2 Conjurations
 + Level 3.5 Earth Magic


You had 4 spell levels left.
You knew the following spells:

 Your Spells              Type           Power      Damage    Failure   Level
b - Stone Arrow           Conj/Erth      16%        3d8       26%         3
c - Iskenderun's Mystic   Conj/Tloc      2%         2d3       88%         4

Your spell library contained the following spells:

 Spells                   Type           Power      Damage    Failure   Level
 Sandblast                Erth           26%        2d8       4%          1
 Gell's Gravitas          Tloc           2%         N/A       52%         3
 Kindle Blastsparks       Fire/Tloc/Air  4%         2d10      52%         3
 Teleport Other           Tloc           2%         N/A       52%         3
 Fulminant Prism          Conj/Hex       1%         3d5       88%         4
 Lee's Rapid Deconstruct  Erth           6%         3d6*      77%         5
 Dispersal                Tloc           1%         N/A       100%        6


Dungeon Overview and Level Annotations

Branches:
Dungeon (5/15)             Temple (0/1) D:4

Altars:
Gozag
Makhleb
Nemelex Xobeh
The Shining One

Shops:
D:3 (   D:5 *

Annotations:
D:4 3 runed translucent doors, karrick's ghost, amateur GrFi


Innate Abilities, Weirdness & Mutations

You cannot wear most types of armour.
You are amphibious.
You can wear up to eight rings at the same time.
Your skin changes colour to match your surroundings (Stealth+).
Your rubbery body absorbs attacks. (AC +1, EV +1)
((You are camouflaged when in or above water. (Stealth+)))
You have tentacles for arms and can constrict up to eight enemies at once.


Message History

The orc wizard misses you.
You slash the orc wizard! You burn the orc wizard.
Your grab misses the orc wizard.
The orc wizard is severely wounded.
You slash the orc wizard! You burn the orc wizard.
You kill the orc wizard!
The orc wizard casts a spell.
The orc wizard flickers and vanishes!
Deactivating autopickup; reactivate with Ctrl-A.
You slash something! You burn something. Your squeeze misses something.
You miss something. Something hits you. The orc hits you with a +0 flail!
A necrophage comes into view.
It was a potion of curing.
You feel better. Something completely misses you. The orc barely misses you.
You miss something. Your squeeze misses something. Something hits you.
The orc barely misses you.
The orc priest looks braver for a moment.
Something hits you. The orc hits you with a +0 flail!
* * * LOW HITPOINT WARNING * * *
As you read the scroll labelled OZONOF CUTOA, it crumbles to dust.
It is a scroll of amnesia.
Forget Sandblast, freeing 1 spell level for a total of 4?
Your memory of Sandblast unravels.
The orc barely misses you.
The orc priest miscasts a cantrip.
Something barely misses you.
As you read the scroll labelled FOCWAUQI PUBBA, it crumbles to dust.
It is a scroll of identify.
v - 2 potions of lignification The orc barely misses you.
You hear some strange, mumbled words.
A magic dart appears from out of thin air!
The magic dart hits you!
* * * LOW HITPOINT WARNING * * *
Okay, then.
Unknown command.
You feel better.
The orc priest calls down the wrath of Beogh upon you.
Beogh smites you!
You die...
Your body crumbles into a pile of gold.

#..#.. ....... .
##..#.######.#... .#
#<..#..........######.##
..###........§............
....................$.....
#########..#.∩.≈.# .......
#..........##.......
#.##...≈..{ooo....?.
#.#.......@##.......
........#.## ...o... $
##.......#.# ..####.
............ #.#
......#####.## [# ......
#.. .# ## ##


You could see 2 orc priests and an orc.

Vanquished Creatures
  A jelly (D:4)
  2 orc priests (D:4)
  An orc wizard (D:5)
  5 adders
  3 worms (D:2)
  2 dart slugs
  3 orcs (D:4)
  9 endoplasms
  3 giant cockroaches
  3 goblins
  9 hobgoblins
  7 jackals
  7 kobolds
  3 quokkas
  9 ball pythons
  7 bats
  5 frilled lizards
  8 rats
87 creatures vanquished.

Notes
Turn   | Place    | Note
-------+----------+-------------------------------------------
     0 | D:1      | omnomnOMINOUS the Octopode Wanderer began the quest for the
                  | Orb.
     0 | D:1      | omnomnOMINOUS set off with the following items: a +1
                  | dagger, 2 atropa-tipped darts, a datura-tipped dart, a
                  | scroll of fog; and the following spell memorised:
                  | Sandblast; and the following spells available to memorise:
                  | Stone Arrow.
     0 | D:1      | Reached XP level 1. HP: 16/16 MP: 3/3
   143 | D:1      | Reached XP level 2. HP: 21/21 MP: 5/5
   647 | D:2      | Reached skill level 1 in Dodging
   690 | D:2      | Reached XP level 3. HP: 26/26 MP: 6/6
   694 | D:2      | Learned a level 3 spell: Stone Arrow
  1506 | D:3      | Reached XP level 4. HP: 31/31 MP: 7/7
  1606 | D:3      | Found a burning altar of Makhleb.
  1866 | D:3      | Found Zis Rako's Antique Weapon Boutique.
  1949 | D:3      | Found an opulent altar of Gozag.
  1949 | D:3      | Found a sparkling altar of Nemelex Xobeh.
  2180 | D:3      | Became a worshipper of Gozag Ym Sagoz the Greedy
  2222 | D:4      | Found a runed translucent gate.
  2223 | D:4      | Found a runed translucent gate.
  2282 | D:4      | Found a runed translucent gate.
  2285 | D:4      | Noticed karrick's ghost (amateur GrFi)
  2505 | D:4      | Reached XP level 5. HP: 37/37 MP: 9/9
  2523 | D:4      | Found a glowing golden altar of the Shining One.
  2765 | D:3      | Bought a polished long sword for 178 gold pieces
  2765 | D:3      | Identified the +9 long sword "Woamnej" {flame, rF+ Will+
                  | Str-3} (You bought it in a shop on level 3 of the Dungeon)
  2953 | D:4      | Reached XP level 6. HP: 43/43 MP: 6/10
  3064 | D:4      | Learned a level 4 spell: Iskenderun's Mystic Blast
  3088 | D:4      | Found a staircase to the Ecumenical Temple.
  3417 | D:5      | Entered Level 5 of the Dungeon
  3421 | D:5      | Found Terghy's Elemental Accessories.
  3444 | D:5      | HP: 1/43 [something/magic dart (9)]
  3445 | D:5      | Killed from afar by an orc priest

Illustrated notes

Levels and vault maps discovered:
D:1:      minmay_arrival_radiant_lines, layout_basic
D:2:      layout_basic, hangedman_decor_riveting, chequers_decorated_corner,
          chequers_serial_rivers_micro_e
D:3:      layout_loops_ring, grunt_temple_overflow_opulence, bloody_makhleb,
          serial_shops, nicolae_diamond_shop, hex_medium
D:4:      layout_basic, nicolae_tso_carved_into_rock,
          minmay_temple_entry_from_below_a, gammafunk_ghost_necromancy,
          nicolae_elevator_lobby_asterisk
D:5:      layout_basic, mainiacjoe_overflow_divided_tiny,
          nicolae_kikubaaqudgha_miasma_corner, cheibriados_altar_1,
          nicolae_elemental_shop

Skill      XL: |  1  2  3  4  5 |
---------------+----------------+-----
Dodging        | 1 2 |  2.5
Earth Magic    | 3 |  3.5
Spellcasting   | 3 |  3.2
Fighting       | 4 |  4.1
Long Blades    | |  0.9
Stealth        | |  4.0
Conjurations   | |  0.2

Action                     |  1- 3 |  4- 6 || total
---------------------------+-------+-------++-------
  Melee: Dagger            |    72 |    73 ||   145
         Constrict         |    18 |    22 ||    40
         Tentacles         |    10 |    16 ||    26
         Punch             |     1 |     1 ||     2
         Long sword        |       |    20 ||    20
   Cast: Sandblast         |       |     3 ||     3
    Use: Potion            |       |     4 ||     4
         Scroll            |       |     2 ||     2
   Stab: Sleeping          |    17 |     9 ||    26
 Armour: Skin              |     3 |     7 ||    10
  Dodge: Dodged            |    47 |    60 ||   107

Table legend: (Time is in decaauts)
 A = Elapsed time spent in this place.
 B = Non-inter-level travel time spent in this place.
 C = Inter-level travel time spent in this place.
 D = Time resting spent in this place.
 E = Time spent auto-exploring this place.
 F = Levels seen in this place.
 G = Mean time per level.
                   A        B        C        D        E       F      G
               +--------+--------+--------+--------+--------+-----+--------+
         Total |   3452 |   3224 |    228 |     33 |   2576 |   5 |  690.4 |
       Dungeon |   3452 |   3224 |    228 |     33 |   2576 |   5 |  690.4 |
               +--------+--------+--------+--------+--------+-----+--------+

Top non-repeatable levels by time:
     D:4: 1159 daAuts
     D:2: 949 daAuts
     D:3: 797 daAuts
     D:1: 516 daAuts
     D:5: 29 daAuts
